Map: Catalyst LE

Players

Broda

  • Race: Zerg Zerg
  • League: Platinum
  • Spawn Location: 11:00

Friend - Winner!

  • Race: Zerg Zerg
  • League: Diamond
  • Spawn Location: 5:00

VOD

Have the link to the VOD?

Description

zvz

Time

  • Played on: Aug. 7, 2018, 9:59 a.m.
  • Length: 13:54
Show
View Real Time Build Order
Export as new Build Order

Broda Zerg 

Build Orders: Pool First 

Get SALT Encoding   

  12  0:01  Drone  
  13  0:13  Overlord  
  13  0:18  Drone  
  14  0:32  Drone x2  
  16  0:39  Extractor  
  15  0:45  Spawning Pool  
  15  0:49  Drone  
  15  0:52  Drone  
  16  0:58  Drone  
  17  1:09  Drone  
  18  1:33  Queen  
  18  1:34  Zergling x2  
  18  1:35  Zergling x2  
  18  1:39  Metabolic Boost  
  22  1:45  Overlord  
  22  2:06  Spine Crawler  
  19  2:10  Spine Crawler  
  18  2:17  Queen  
  18  2:19  Zergling x4  
  16  2:32  Zergling x2  
  17  2:48  Drone x2  
  19  3:03  Drone, Baneling Nest  
  19  3:33  Zergling x12  
  25  3:46  Baneling x4  
  25  3:50  Zergling x2  
  25  3:53  Baneling  
  25  3:54  Baneling  
  25  3:55  Baneling  
  26  4:03  Drone  
  17  4:50  Zergling x2  
  17  4:51  Drone x4  
  17  4:52  Drone, Zergling x2  
  23  5:04  Hatchery  
  22  5:11  Drone x2  
  24  5:19  Roach Warren  
  23  5:22  Baneling x2  
  22  5:53  Zergling x8  
  25  6:10  Queen  
  27  6:13  Extractor  
  27  6:14  Zergling x4  
  28  6:19  Baneling x2  
  28  6:20  Queen  
  30  6:29  Evolution Chamber  
  30  6:32  Evolution Chamber  
  28  6:41  Drone x2  
  28  6:42  Drone x3  
  33  6:49  Roach  
  35  6:57  Zerg Missile Weapons Level 1  
  35  7:00  Zerg Ground Armor Level 1  
  35  7:13  Overlord x2  
  35  7:19  Lair  
  35  7:48  Roach x5  
  35  7:50  Drone  
  46  7:59  Drone x2  
  46  8:00  Zergling x2  
  46  8:01  Drone  
  50  8:08  Overlord  
  50  8:16  Glial Reconstitution  
  50  8:32  Overlord x2  
  50  8:33  Overlord  
  50  8:35  Roach  
  50  8:39  Roach  
  54  8:46  Zergling x2  
  54  8:47  Zergling x2  
  56  8:49  Roach  
  57  9:07  Roach x4  
  57  9:08  Zergling x2  
  46  9:26  Roach x4  
  52  9:36  Zergling x2  
  52  9:37  Roach  
  53  9:51  Roach x2  
  55  10:10  Queen  
  57  10:33  Roach x4  
  57  10:34  Roach  
  66  10:46  Roach  
  66  10:47  Roach  
  69  11:06  Roach x3  
  75  11:27  Roach x2  
  75  11:28  Zergling x2  
  75  11:29  Zergling x2  
  65  11:45  Roach x3  
  47  12:01  Spore Crawler  
  42  12:02  Spore Crawler  
  29  12:24  Drone  
  29  12:25  Drone x2  
  29  12:26  Hydralisk Den  
  29  12:55  Hydralisk x3  
  29  13:09  Hydralisk  
Show
View Real Time Build Order
Export as new Build Order

Friend Zerg - Winner!

Build Orders: Pool First 

Get SALT Encoding   

  12  0:01  Drone  
  13  0:22  Spawning Pool  
  12  0:29  Overlord  
  12  0:37  Drone  
  12  0:40  Drone  
  14  1:09  Queen  
  14  1:10  Zergling x6  
  19  1:20  Spine Crawler  
  19  1:22  Drone  
  19  1:39  Zergling x2  
  20  1:49  Hatchery  
  20  1:52  Drone  
  20  1:56  Drone  
  20  2:22  Drone x2  
  21  2:25  Overlord  
  21  2:29  Extractor  
  19  2:43  Drone x3  
  19  2:44  Queen  
  23  2:56  Zergling x2  
  23  2:58  Zergling x6  
  26  3:02  Queen  
  29  3:15  Spine Crawler  
  26  3:26  Zergling x4  
  28  3:38  Drone x4, Queen  
  34  3:44  Drone  
  35  3:51  Metabolic Boost  
  35  4:00  Drone  
  35  4:01  Overlord  
  36  4:22  Evolution Chamber  
  35  4:26  Evolution Chamber  
  31  4:50  Zergling x4  
  31  4:51  Zergling x4  
  31  4:52  Drone x2  
  32  4:53  Drone x2  
  32  4:59  Zerg Ground Armor Level 1  
  34  5:01  Evolution Chamber  
  33  5:07  Extractor  
  32  5:14  Queen  
  32  5:17  Drone x3  
  32  5:20  Overlord  
  35  5:58  Drone x3  
  35  5:59  Drone x4  
  35  6:03  Zergling x2  
  41  6:19  Zergling x4  
  41  6:20  Zergling x2  
  41  6:22  Hatchery  
  41  6:24  Drone x3  
  46  6:27  Extractor  
  46  6:28  Roach Warren  
  46  6:30  Lair  
  46  6:32  Drone x3  
  47  6:33  Overlord  
  47  6:55  Zerg Missile Weapons Level 1  
  47  7:01  Drone x2  
  49  7:09  Roach x3  
  49  7:10  Extractor, Roach x2  
  49  7:14  Zergling x2  
  49  7:15  Zergling x2  
  57  7:35  Roach x4  
  57  7:36  Roach  
  66  7:54  Drone, Nydus Network  
  66  7:56  Overlord x3  
  66  8:17  Overseer  
  66  8:21  Drone x2  
  66  8:23  Drone x2  
  66  8:25  Zergling x2  
  66  8:26  Zergling x6  
  74  8:37  Nydus Canal  
  76  8:41  Roach  
  76  8:42  Roach x3  
  69  9:24  Drone x6  
  62  9:26  Zerg Missile Weapons Level 2  
  62  9:27  Zerg Ground Armor Level 2  
  62  9:31  Drone x2  
  67  9:34  Extractor  
  67  9:35  Drone x3  
  67  9:36  Extractor  
  65  9:42  Zergling x4  
  65  9:43  Zergling x4  
  69  9:52  Drone x3  
  72  9:56  Glial Reconstitution  
  72  9:58  Spire  
  71  10:00  Roach  
  71  10:01  Roach x4  
  71  10:06  Roach x3  
  77  10:17  Roach x2  
  78  10:48  Roach  
  78  10:49  Roach x2  
  84  10:50  Overlord x4  
  82  11:07  Hatchery  
  81  11:18  Mutalisk x4  
  81  11:19  Mutalisk  
  87  11:39  Roach x4  
  86  11:40  Roach  
  66  11:59  Queen x2  
  68  12:09  Mutalisk  
  68  12:10  Mutalisk x4  
  77  12:24  Zergling x2  
  77  12:25  Zergling x6  
  81  12:34  Spine Crawler  
  80  12:48  Zergling x8  
  82  13:19  Roach x6  
  104  13:20  Roach x5  
  104  13:22  Nydus Canal  
Tags
 
Add a new tag
Caveats
  • Supply blocks, unpowered buildings, or Contaminate may cause inaccurate times.
  • Supply counts are checked every 10 seconds.